 Dungeon Crawl Stone Soup version 0.31-a0-1074-g0b22e4e0f1 (webtiles) character file.

Game seed: 7774523474776314040

275 grandjackal the Twirler (level 6, 0/48 HPs)
             Began as a Djinni Gladiator on Nov 29, 2023.
             Splashed by a jelly's acid (7 damage)
             ... on level 4 of the Dungeon.
             The game lasted 00:05:33 (3438 turns).

grandjackal the Twirler (Djinni Gladiator)          Turns: 3438, Time: 00:05:35

Health: 0/48       AC:  1    Str: 13    XL:     6   Next: 49%
Gold:   246        EV: 12    Int: 12    God:
                   SH:  0    Dex: 14

rFire   + + .        a - +0 quarterstaff
rCold   . . .        (shield currently unavailable)
rNeg    . . .        q - +1 leather armour {rF+}
rPois   ∞            c - +0 helmet
rElec   .            (no cloak)
rCorr   .            (no gloves)
SInv    .            (boots unavailable)
Will    .....        (no amulet)
Stlth   +            f - ring of ice
HPRegen 0.28/turn    (no ring)
MPRegen 0.00/turn

%: infuse magic (-1 HP)
@: corroded, flying
A: sickness immunity, fire resistance 2, cold vulnerability 1, float, innate
caster, HP casting, extra vitality 1
a: no special abilities


You were on level 4 of the Dungeon.
You visited 1 branch of the dungeon, and saw 4 of its levels.
You also visited: Sewer.

You collected 246 gold pieces.

Inventory:

Hand Weapons
 a - a +0 quarterstaff (weapon)
 s - a +2 dagger of venom
Missiles
 d - 3 throwing nets (quivered)
 e - a javelin
Armour
 c - a +0 helmet (worn)
 q - a +1 leather armour of fire resistance (worn)
Jewellery
 f - a ring of ice (left hand)
 x - an amulet of faith
Scrolls
 b - a scroll of poison {unknown}
 j - a scroll of enchant weapon {unknown}
 l - 2 scrolls of teleportation {unknown}
 n - a scroll of vulnerability {unknown}
 o - a scroll of enchant armour {unknown}
 p - 3 scrolls of immolation {unknown}
 u - a scroll of fog {unknown}
 v - a scroll of brand weapon {unknown}
Potions
 g - a potion of mutation
 h - 2 potions of enlightenment
 k - 2 potions of lignification
 m - a potion of heal wounds
 r - 2 potions of might {unknown}
 t - a potion of haste {unknown}
 w - a potion of brilliance {unknown}


   Skills:
 + Level 4.6 Fighting
 + Level 4.7 Staves
 - Level 1.5 Throwing
 - Level 3.2 Dodging


You knew the following spells:

 Your Spells              Type           Power      Damage    Failure   Level
a - Necrotise             Necr           0%         1d4       38%         1
b - Static Discharge      Conj/Air       0%         3-3/arc   54%         2
Your spell library was empty.

Dungeon Overview and Level Annotations

Branches:
Dungeon (4/15)              Sewer (visited)
 Temple: D:4-7

Altars:

Annotations:
D:2 1 runed translucent door, Crazy Yiuf


Innate Abilities, Weirdness & Mutations

You are immune to sickness and miasma.
You are immune to poison.
Your flesh is very heat resistant. (rF++)
You are vulnerable to cold. (rC-)
You float through the air rather than walking.
You learn spells naturally, not from books.
Your magical power is your life essence.
You have superior vitality. (+4 MHP)


Message History

Things that are here:
a +0 whip; a +0 ring mail
Found a leather armour.
You see here a +0 leather armour.
Found a stone staircase leading down.
Found a stone staircase leading up.
A hobgoblin and an orc come into view.
The orc shouts!
The hobgoblin hits you but does no damage.
You sock the hobgoblin!
You kill the hobgoblin!
You sock the orc!
You kill the orc!
No target in view!
No target in view!
No target in view!
A jelly comes into view.
The jelly quivers.
A jelly is nearby!
You hit the jelly.
Your hands burn!
The jelly is lightly wounded.
The jelly hits you. The acid corrodes you!
You are splashed with acid!
The jelly attacks as it pursues you! The jelly misses you.
The jelly attacks as it pursues you! The jelly closely misses you.
The jelly attacks as it pursues you! The jelly hits you.
You are splashed with acid.
You sock the jelly!
Your hands burn!
The jelly is heavily wounded.
The jelly completely misses you.
You hit the jelly.
Your hands burn!
The jelly is severely wounded.
The jelly hits you.
You are splashed with acid!
* * * LOW HITPOINT WARNING * * *
You hit the jelly.
Your hands burn!
* * * LOW HITPOINT WARNING * * *
The jelly is almost dead.
The jelly hits you.
* * * LOW HITPOINT WARNING * * *
You are splashed with acid!
You die...

#.....<.###..
#.)......... ##........#
# ##.#..#.##.# #.
##.###†.....#..# #.
#...#..........#
#####.###.##......#.#.##
#.......#.##..........#
#....>.@J##.#.#.###
#####.#.##.#......# ####
..##.#.##.#..#.### #...
# #.##.#.........# #.#.
#.##.##.#####...### #...
#.....[.# #...# ##.#
#####.#### ...# #.#
#####.......# ...# #..
....).###.#.# ##.


You could see a jelly.

Vanquished Creatures
  Pargi (Sewer)
  An orc priest (D:3)
  A river rat (D:3)
  3 adders
  2 worms (D:3)
  A dart slug (D:3)
  10 orcs
  8 bats
  5 endoplasms
  6 giant cockroaches
  6 goblins
  4 hobgoblins
  8 jackals (D:1)
  15 ball pythons
  16 frilled lizards
  7 kobolds
  4 rats
98 creatures vanquished.

Notes
Turn   | Place    | Note
-------+----------+-------------------------------------------
     0 | D:1      | grandjackal the Djinni Gladiator began the quest for the
                  | Orb.
     0 | D:1      | Reached XP level 1. HP: 18/18 MP: 0/0
   111 | D:1      | Reached XP level 2. HP: 23/23 MP: 0/0
   242 | D:1      | Found a faded altar of an unknown god.
   250 | D:1      | Reached XP level 3. HP: 26/29 MP: 0/0
   250 | D:1      | Learned a level 1 spell: Necrotise
  1064 | D:2      | Reached XP level 4. HP: 35/35 MP: 0/0
  1295 | D:2      | Found a runed translucent door.
  1296 | D:2      | Noticed Crazy Yiuf
  1861 | D:3      | Reached XP level 5. HP: 38/41 MP: 0/0
  1861 | D:3      | Learned a level 2 spell: Static Discharge
  2055 | D:3      | Found a glowing drain.
  2059 | Sewer    | Entered a sewer
  2119 | Sewer    | Noticed Pargi
  2418 | Sewer    | HP: 1/41 [Pargi (3)]
  2589 | Sewer    | Killed Pargi
  2590 | Sewer    | Reached XP level 6. HP: 29/48 MP: 0/0
  3438 | D:4      | Splashed by a jelly's acid

Illustrated notes

Levels and vault maps discovered:
D:1:      nagdon_arrival_zigzag_paths, layout_rooms,
          ebering_ecumenical_altar_sacrificial, minmay_parallelograms
D:2:      layout_loops_ring, minmay_lizard_king, uniq_crazy_yiuf_cottage
D:3:      layout_loops_ring, mainiacjoe_sewer_entry_somewhere_in_here_2
D:4:      minmay_door_path, layout_loops_cross,
          grunt_temple_overflow_champion_of_chaos

Skill      XL: |  1  2  3  4  5 |
---------------+----------------+-----
Staves         | 3 4 |  4.7
Fighting       | 3 4 |  4.6
Throwing       | |  1.5
Dodging        | |  3.2

Action                     |  1- 3 |  4- 6 || total
---------------------------+-------+-------++-------
  Melee: Quarterstaff      |   106 |   224 ||   330
    Use: Scroll            |       |     4 ||     4
   Stab: Distracted        |     1 |       ||     1
         Sleeping          |       |     2 ||     2
 Armour: Leather armour    |    77 |   169 ||   246
  Dodge: Dodged            |    86 |   191 ||   277

Table legend: (Time is in decaauts)
 A = Elapsed time spent in this place.
 B = Non-inter-level travel time spent in this place.
 C = Inter-level travel time spent in this place.
 D = Time resting spent in this place.
 E = Time spent auto-exploring this place.
 F = Levels seen in this place.
 G = Mean time per level.
                   A        B        C        D        E       F      G
               +--------+--------+--------+--------+--------+-----+--------+
         Total |   3473 |   3322 |    151 |    565 |   1912 |   5 |  694.6 |
       Dungeon |   2690 |   2539 |    151 |     87 |   1779 |   4 |  672.5 |
         Sewer |    782 |    782 |      0 |    478 |    133 |   1 |  782.0 |
               +--------+--------+--------+--------+--------+-----+--------+

Top non-repeatable levels by time:
     D:3: 931 daAuts
     D:2: 793 daAuts
   Sewer: 782 daAuts
     D:1: 729 daAuts
     D:4: 235 daAuts
